 Dungeon Crawl Stone Soup version 0.30-b1-5-g8e6c1be481 (webtiles) character file.

Game seed: 1441567496600773649

4406 monsoonserge the Protected (level 10, -2/90 HPs)
             Began as a Meteoran Fighter on May 5, 2023.
             Was an Initiate of Qazlal.
             Slain by a two-headed ogre
             ... wielding a +0 giant spiked club
              (28 damage)
             ... on level 9 of the Dungeon.
             The game lasted 00:37:32 (4238 turns).

monsoonserge the Protected (Meteoran Fighter)       Turns: 4238, Time: 00:37:33

Health: -2/90      AC: 21    Str: 29    XL:     10   Next: 92%
Magic:  11/11      EV:  9    Int: 10    God:    Qazlal [......]
Gold:   494        SH:  5    Dex: 13    Spells: 9/9 levels left

rFire   . . .        N - +2 flail (heavy)
rCold   . . .        c - +0 buckler
rNeg    . . .        x - +1 plate armour
rPois   .            s - +0 helmet
rElec   .            K - +0 cloak
rCorr   .            G - +0 pair of gloves
SInv    .            j - +0 pair of boots
Will    ++...        o - amulet of magic regeneration Stlth
                     F - +6 ring of strength
HPRegen 0.35/turn    (no ring)
MPRegen 0.52/turn

%: no passive effects
@: glowing
A: sense surroundings 2, otherworldly, glowing, explore regen, strong-willed 1,
passive freeze
a: Renounce Religion


You were on level 9 of the Dungeon.
You worshipped Qazlal.
Qazlal was noncommittal.
You visited 2 branches of the dungeon, and saw 10 of its levels.
You also visited: Sewer.

You collected 494 gold pieces.

Inventory:

Hand Weapons
 a - a +0 flail
 z - a +0 spear of venom
 J - a +3 quarterstaff of chaos
 M - a +2 mace of protection
 N - a +2 heavy flail (weapon)
Missiles
 h - a poisoned dart (quivered)
 u - 2 throwing nets
 y - 7 boomerangs
Armour
 b - a +0 scale mail
 c - a +0 buckler (worn)
 j - a +0 pair of boots (worn)
 n - a +0 chain mail
 r - a +3 leather armour of positive energy
 s - a +0 helmet (worn)
 x - a +1 plate armour (worn)
 G - a +0 pair of gloves (worn)
 K - a +0 cloak (worn)
Jewellery
 o - an amulet of magic regeneration (around neck)
 F - a +6 ring of strength (left hand)
Wands
 q - a wand of polymorph (13)
 I - a wand of charming (14)
 O - a wand of roots (9)
Scrolls
 e - 4 scrolls of enchant armour
 k - a scroll of magic mapping
 l - 3 scrolls of vulnerability
 p - 5 scrolls of teleportation
 A - a scroll of brand weapon {unknown}
 B - a scroll of immolation {unknown}
 E - 3 scrolls of fog
 L - a scroll of poison {unknown}
 P - a scroll of amnesia
 Q - a scroll of noise
Potions
 d - a potion of might
 f - 3 potions of haste
 i - 2 potions of attraction
 m - 3 potions of resistance
 t - a potion of curing
 v - 2 potions of ambrosia
 C - a potion of heal wounds
 D - a potion of cancellation {unknown}
 H - a potion of flight {unknown}
 R - a potion of brilliance {unknown}
Miscellaneous
 g - a phial of floods


   Skills:
 + Level 8.6 Fighting
 + Level 9.7 Maces & Flails
 + Level 5.5 Throwing
 + Level 10.4 Armour
 + Level 4.7 Dodging
 - Level 5.0 Shields
 - Level 1.0 Evocations


You had 9 spell levels left.
You didn't know any spells.
Your spell library contained the following spells:

 Spells                   Type           Power      Damage    Failure   Level
 Sandblast                Erth           0%         2d4       97%         1
 Cigotuvi's Dreadful Rot  Necr/Pois/Air  0%         N/A       99%         2
 Passwall                 Tmut/Erth      0%         N/A       99%         2
 Ignite Poison            Fire/Tmut/Pois 0%         N/A       100%        3
 Stone Arrow              Conj/Erth      0%         3d7       100%        3
 Summon Lightning Spire   Summ/Air       0%         N/A       100%        4
 Fireball                 Conj/Fire      0%         3d3       100%        5
 Freezing Cloud           Conj/Ice/Air   0%         6-21      100%        5
 Iskenderun's Battlesphe  Conj           0%         2d6       100%        5
 Conjure Ball Lightning   Conj/Air       0%         3x3d6     100%        6
 Orb of Destruction       Conj           0%         9d5       100%        7
 Storm Form               Tmut/Air       0%         N/A       100%        7
 Maxwell's Capacitive Co  Air            0%         ∞         100%        8


Dungeon Overview and Level Annotations

Branches:
Dungeon (9/15) Zot: 1407   Temple (1/1) D:7 Zot: 518   Sewer (visited)
   Lair: D:8-11         Orc: D:9-12

Altars:
Ashenzari
Cheibriados
Dithmenos
Elyvilon
Fedhas
Gozag
Hepliaklqana
Kikubaaqudgha
Makhleb
Okawaru
Qazlal
Ru
Sif Muna
Trog
Uskayaw
Vehumet
Wu Jian
Xom
Yredelemnul
Zin
The Shining One

Shops:
D:5 (   D:8 *

Annotations:
D:4 Pikel


Innate Abilities, Weirdness & Mutations

You passively map the area around you.
You are easily found by Zot.
You glow in the dark.
You regain HP and MP as you explore.
You are strong-willed. (Will+)
A frigid envelope surrounds you and freezes all who hurt you.


Message History

Throw: 5 darts (poison)
Press: ? - help, Q - select action, (/) - cycle Shift-Dir - straight line, f/p - two-headed ogre
Aim: a two-headed ogre, wielding two +0 giant spiked clubs (lightly wounded, extremely poisoned, 77% to hit)
You throw a poisoned dart.
The poisoned dart barely misses the two-headed ogre.
Throw: 4 darts (poison)
Press: ? - help, Q - select action, (/) - cycle Shift-Dir - straight line, f/p - two-headed ogre
Aim: a two-headed ogre, wielding two +0 giant spiked clubs (lightly wounded, extremely poisoned, 77% to hit)
You throw a poisoned dart.
The poisoned dart hits the two-headed ogre.
The two-headed ogre looks as sick as possible!
The two-headed ogre is lightly wounded.
Throw: 3 darts (poison)
Press: ? - help, Q - select action, (/) - cycle Shift-Dir - straight line, f/p - two-headed ogre
Aim: a two-headed ogre, wielding two +0 giant spiked clubs (lightly wounded, extremely poisoned, 77% to hit)
You throw a poisoned dart.
The poisoned dart hits the two-headed ogre.
The two-headed ogre is lightly wounded.
Throw: 2 darts (poison)
Press: ? - help, Q - select action, (/) - cycle Shift-Dir - straight line, f/p - two-headed ogre
Aim: a two-headed ogre, wielding two +0 giant spiked clubs (lightly wounded, extremely poisoned, 77% to hit)
You throw a poisoned dart.
The poisoned dart hits the two-headed ogre!
The two-headed ogre looks as sick as possible!
The two-headed ogre is lightly wounded.
You hit the two-headed ogre.
The two-headed ogre is moderately wounded.
The two-headed ogre hits you with a +0 giant spiked club!!
The two-headed ogre is very cold.
The two-headed ogre is moderately wounded.
The two-headed ogre hits you with a +0 giant spiked club!
* * * LOW HITPOINT WARNING * * *
The two-headed ogre is very cold.
The two-headed ogre is moderately wounded.
Okay, then.
Okay, then.
You barely miss the two-headed ogre.
The two-headed ogre is moderately wounded.
The two-headed ogre hits you with a +0 giant spiked club!!
You die...

#!#, ########## #.#,#
* , #........# #.#.#
,
#.######.######.#.###
* ,* * #.#
#..<)........# * *
#.#* ########.#.#.#
** * , , #.# ,, ,,
,,,,#.# , ,, , #.# *
* ,#.# #.# * #@# , ,
, * #.#, #O#, > , * *
#.# * #(#, ,,* , #.#
#(# * , *, * #.#,*
,#.# * , #.# * * #(#
#.#.# .# , #.# * ,,,
#(# #.#.##.# , #.#, *
#(# #.#.... ## #.# #
*#..... , .


You could see a two-headed ogre (extremely poisoned).

Vanquished Creatures
  A two-headed ogre (D:9)
  A hornet (D:9)
  A wyvern (D:7)
  5 yaks
  2 steam dragons
  A water moccasin (D:7)
  2 orc warriors
  2 ice beasts (D:7)
  A black bear (D:4)
  A centaur (D:6)
  3 ogres
  A lemure (D:5)
  2 phantoms
  3 bullfrogs
  2 scorpions
  4 jellies
  6 orc priests
  A quasit (D:5)
  Crazy Yiuf (D:7)
  7 hounds
  A gnoll bouda (D:4)
  3 sleepcaps
  Ijyb (D:2)
  An iguana (D:5)
  2 orc wizards (D:8)
  A mummy (D:5)
  9 gnolls
  8 adders
  A river rat (Sewer)
  2 shadow imps
  2 white imps
  5 ufetubi (D:5)
  3 dart slugs
  4 worms
  24 orcs
  6 bats
  5 endoplasms
  4 giant cockroaches
  7 goblins
  8 hobgoblins
  4 jackals
  11 kobolds
  4 quokkas
  10 ball pythons
  4 frilled lizards
  8 rats
185 creatures vanquished.

Vanquished Creatures (others)
  4 demonic plants (D:5)
  2 plants (D:5)
6 creatures vanquished.

Grand Total: 191 creatures vanquished

Notes
Turn   | Place    | Note
-------+----------+-------------------------------------------
     0 | D:1      | monsoonserge the Meteoran Fighter began the quest for the
                  | Orb.
     0 | D:1      | Reached XP level 1. HP: 19/19 MP: 2/2
   107 | D:1      | Reached XP level 2. HP: 26/26 MP: 3/3
   181 | D:1      | Reached XP level 3. HP: 33/33 MP: 4/4
   237 | D:1      | Reached skill level 4 in Armour
   350 | D:2      | Found an opulent altar of Gozag.
   428 | D:2      | Reached XP level 4. HP: 19/40 MP: 5/5
   801 | D:3      | Reached skill level 1 in Dodging
   801 | D:3      | Reached XP level 5. HP: 46/46 MP: 6/6
   804 | D:3      | Noticed Ijyb
   827 | D:2      | Killed Ijyb
   874 | D:4      | Noticed a black bear
   880 | D:4      | Killed a black bear
   881 | D:4      | Reached skill level 5 in Maces & Flails
   881 | D:4      | Reached XP level 6. HP: 43/53 MP: 7/7
   943 | D:4      | Reached XP level 7. HP: 43/60 MP: 8/8
  1021 | D:4      | Reached skill level 5 in Fighting
  1189 | D:4      | Reached skill level 5 in Shields
  1256 | D:4      | Found a bloodstained altar of Trog.
  1328 | D:4      | Noticed Pikel
  1336 | D:5      | Entered Level 5 of the Dungeon
  1344 | D:5      | Reached skill level 5 in Armour
  1368 | D:5      | Noticed a yak
  1368 | D:5      | Noticed a yak
  1368 | D:5      | Noticed a yak
  1368 | D:5      | Noticed a yak
  1394 | D:5      | Found Souras's Antique Weapon Boutique.
  1413 | D:4      | Reached XP level 8. HP: 56/69 MP: 9/9
  1763 | D:5      | Found an opulent altar of Gozag.
  1774 | D:5      | Found a snail-covered altar of Cheibriados.
  1877 | D:5      | Noticed a yak
  1911 | D:5      | Reached skill level 6 in Armour
  1911 | D:5      | Gained mutation: You passively map the area around you.
                  | [Meteoran growth]
  1911 | D:5      | Reached XP level 9. HP: 41/77 MP: 10/10
  1946 | D:6      | Found an ancient bone altar of Kikubaaqudgha.
  2029 | D:6      | Found a glowing drain.
  2058 | Sewer    | Entered a sewer
  2242 | Sewer    | Reached skill level 1 in Throwing
  2719 | D:6      | Reached skill level 7 in Armour
  2902 | D:7      | Found a staircase to the Ecumenical Temple.
  2931 | Temple   | Entered the Ecumenical Temple
  3075 | D:7      | Reached skill level 5 in Throwing
  3094 | D:7      | Reached XP level 10. HP: 86/86 MP: 11/11
  3147 | D:7      | Reached skill level 8 in Armour
  3218 | D:7      | Found a runed translucent door.
  3219 | D:7      | Noticed Crazy Yiuf
  3226 | D:7      | Killed Crazy Yiuf
  3554 | D:7      | Reached skill level 9 in Armour
  3705 | D:8      | Found Zin's Purification Station.
  3706 | D:8      | Found a glowing silver altar of Zin.
  3752 | D:8      | Reached skill level 10 in Armour
  3820 | D:8      | Found a blossoming altar of Fedhas.
  3823 | D:8      | Found an iron altar of Okawaru.
  3823 | D:8      | Found a stormy altar of Qazlal.
  3906 | D:8      | Became a worshipper of Qazlal Stormbringer
  3959 | D:9      | Gained mutation: You are strong-willed. (Will+) [potion of
                  | mutation]
  3959 | D:9      | Gained mutation: A frigid envelope surrounds you and
                  | freezes all who hurt you. [potion of mutation]
  4205 | D:9      | Noticed a two-headed ogre
  4214 | D:9      | Killed a two-headed ogre
  4215 | D:9      | Reached skill level 1 in Evocations
  4229 | D:9      | Noticed a two-headed ogre
  4238 | D:9      | Slain by a two-headed ogre

Illustrated notes

Levels and vault maps discovered:
D:1:      onia_arrival_mini_maze_b, layout_basic
D:2:      layout_rooms, basic_altar, nrook_mini_vaults
D:3:      layout_basic, nemelex_xobeh_ov_fountains_minmay, uniq_ijyb,
          uniq_grinder, uniq_sigmund
D:4:      layout_loops_ring, trog_butcher_becter, kennysheep_small_circle,
          uniq_pikel
D:5:      layout_cave_pools, slow_altar_1, overflow_temple_1_default,
          serial_shops, shop, serial_demonic, serial_demonic_d,
          serial_demonic_c, serial_demonic_e, serial_demonic_b,
          serial_demonic_e, serial_demonic_e, serial_bayou_pond_b
D:6:      layout_gridville, mainiacjoe_overflow_boulevard,
          gup_sewer_entry_glass, lemuel_flamethrower_2
D:7:      layout_loops_ring, minmay_temple_entry_large_hall,
          uniq_crazy_yiuf_cottage
D:8:      layout_cave_pools, zin_purify, grunt_temple_overflow_open
D:9:      layout_basic
Temple:   dshaligram_water_room_temple

Skill      XL: |  1  2  3  4  5  6  7  8  9 10 |
---------------+-------------------------------+-----
Maces & Flails | 3 4 5 6 8 9 |  9.7
Armour         | 4 5 6 7 10 | 10.4
Fighting       | 4 5 6 7 8 |  8.6
Shields        | 4 5 |  5.0
Dodging        | 1 2 4 |  4.7
Throwing       | 5 |  5.5
Evocations     | 1 |  1.0

Action                     |  1- 3 |  4- 6 |  7- 9 | 10-12 || total
---------------------------+-------+-------+-------+-------++-------
  Melee: Flail             |    95 |   130 |   394 |    99 ||   718
         Mace              |       |       |       |    31 ||    31
  Throw: Dart              |       |       |     5 |    11 ||    16
         Boomerang         |       |       |    47 |     1 ||    48
    Use: Potion            |       |     1 |       |     1 ||     2
         Scroll            |       |       |     3 |    11 ||    14
 Armour: Scale mail        |    61 |    78 |       |       ||   139
         Chain mail        |       |    18 |       |       ||    18
         Leather armour    |       |     5 |    23 |       ||    28
         Plate armour      |       |       |   257 |   102 ||   359
  Dodge: Dodged            |    34 |    62 |   146 |    52 ||   294
  Block: Buckler           |    26 |    32 |    99 |    23 ||   180
